 Dungeon Crawl Stone Soup version 0.24-a0-512-g2b48af375b (webtiles) character file.

Game seed: 14721755313015030913

1460 Ablot the Charmwright (level 8, -6/64 HPs)
             Began as a Gnoll Skald on July 20, 2019.
             Was a Believer of Okawaru.
             Killed by divine providence
             ... invoked by an orc priest
              (13 damage)
             ... on level 6 of the Dungeon.
             The game lasted 00:11:07 (4540 turns).

Ablot the Charmwright (Gnoll Skald)                 Turns: 4540, Time: 00:11:08

Health: -6/64      AC: 10    Str: 16    XL:     8   Next: 76%
Magic:  15/17      EV: 19    Int: 15    God:    Okawaru [**....]
Gold:   101        SH:  0    Dex: 15    Spells: 8/19 levels left

rFire    . . .     SeeInvis .   a - +0 spear
rCold    . . .     Gourm    .   (no shield)
rNeg     . . .     Faith    .   D - +3 leather armour {MR+}
rPois    .         Spirit   .   w - +0 helmet
rElec    .         Reflect  .   (no cloak)
rCorr    +         Harm     .   x - +0 pair of gloves
MR       +....                  (no boots)
Stlth    ++++......             f - amulet of magic regeneration
HPRegen  0.20/turn              F - ring of resist corrosion
MPRegen  0.40/turn              t - ring of flight

@: heroism, singing
A: distributed training, fangs 1, strong nose
a: Heroism, Renounce Religion, Evoke Flight


You were on level 6 of the Dungeon.
You worshipped Okawaru.
Okawaru was pleased with you.
You were very hungry.

You visited 1 branch of the dungeon, and saw 6 of its levels.

You collected 228 gold pieces.
You spent 127 gold pieces at shops.

Inventory:

Hand Weapons
 a - a +0 spear (weapon)
 B - a +2 whip of draining
Missiles
 c - 19 sling bullets
 e - 277 stones
 m - 52 bolts
 n - 7 atropa-tipped darts
 r - 89 arrows
 u - 24 poisoned darts (quivered)
Armour
 w - a +0 helmet (worn)
 x - a +0 pair of gloves (worn)
 D - a +3 leather armour of magic resistance (worn)
Jewellery
 f - an amulet of magic regeneration (around neck)
 t - a ring of flight (right hand)
 F - a ring of resist corrosion (left hand)
Wands
 b - a wand of clouds (3)
 q - a wand of flame (38)
Scrolls
 g - a scroll of amnesia {unknown}
 k - 2 scrolls of identify
 o - 6 scrolls of teleportation
 p - 2 scrolls of fog
 s - 2 scrolls of immolation {unknown}
 v - 3 scrolls of remove curse
 y - a scroll of fear {unknown}
 C - a scroll of vulnerability {unknown}
 E - a scroll of magic mapping
Potions
 h - 3 potions of curing
 i - 5 potions of haste
 j - a potion of berserk rage
 l - a potion of agility
 z - 2 potions of invisibility
 A - a potion of ambrosia
 G - a potion of flight {unknown}
 H - a potion of heal wounds
 I - a potion of magic {unknown}
Comestibles
 d - 7 rations


   Skills:
 + Level 5.8(10.8) Fighting
 + Level 3.5(8.5) Short Blades
 + Level 3.5(8.5) Long Blades
 + Level 3.5(8.5) Axes
 + Level 3.5(8.5) Maces & Flails
 + Level 5.8(10.8) Polearms
 + Level 3.5(8.5) Staves
 + Level 3.5(8.5) Slings
 + Level 3.5(8.5) Bows
 + Level 3.5(8.5) Crossbows
 + Level 3.5(8.5) Throwing
 + Level 4.4(9.4) Armour
 + Level 5.8(10.8) Dodging
 + Level 3.5(8.5) Stealth
 + Level 3.5(8.5) Shields
 + Level 3.5(8.5) Unarmed Combat
 + Level 6.1 Spellcasting
 + Level 2.8 Conjurations
 + Level 2.8 Hexes
 + Level 6.2 Charms
 + Level 2.8 Summonings
 + Level 2.8 Necromancy
 + Level 2.8 Translocations
 + Level 2.8 Transmutations
 + Level 2.8 Fire Magic
 + Level 2.8 Ice Magic
 + Level 2.8 Air Magic
 + Level 2.8 Earth Magic
 + Level 2.8 Poison Magic
 + Level 3.8 Invocations
 + Level 3.5 Evocations


You had 8 spell levels left.
You knew the following spells:

 Your Spells              Type           Power        Failure   Level  Hunger
a - Infusion              Chrm           ###.         1%          1    None
b - Song of Slaying       Chrm           ###.....     1%          2    #......
c - Shroud of Golubria    Chrm/Tloc      ###...       3%          2    #......
d - Regeneration          Chrm/Necr      ###.......   8%          3    ##.....
e - Spectral Weapon       Hex/Chrm       ###.....     8%          3    ##.....

Your spell library contained the following spells:

 Spells                   Type           Power        Failure   Level  Hunger
 Magic Dart               Conj           ##..         4%          1    None
 Searing Ray              Conj           ##....       8%          2    #......
 Dazzling Spray           Conj/Hex       ##....       16%         3    ##.....
 Force Lance              Conj/Tloc      ##......     45%         4    ####...
 Fulminant Prism          Conj/Hex       ##........   45%         4    ####...
 Iskenderun's Mystic Bla  Conj           ##......     45%         4    ####...


Dungeon Overview and Level Annotations

Branches:
Dungeon (6/15)             Temple (0/1) D:6

Altars:
Makhleb
Nemelex Xobeh
Okawaru
Sif Muna
Vehumet
Xom
Yredelemnul

Shops:
D:5 ?


Innate Abilities, Weirdness & Mutations

Your experience applies equally to all skills.
You have very sharp teeth.
Your uncanny sense of smell can sniff out nearby items.


Message History

Your skin crawls.
Your magical infusion is running out.
You see here a scorpion corpse.
You are no longer magically infusing your attacks.
You are feeling very hungry.
You hear the slow rusting of a very distant drain.
Your skin is crawling a little less now.
Your shroud begins to fray at the edges.
You closely miss the sky beast.
The sky beast flickers out of sight!
Deactivating autopickup; reactivate with Ctrl-A.
Something hits you. Something shocks you. Something barely misses you.
The orc warrior hits you from afar with a +0 glaive!
* * * LOW HITPOINT WARNING * * *
Your skin stops crawling.
Your shroud unravels.
You gain the combat prowess of a mighty hero.
Something hits you but does no damage.
The orc priest mumbles some strange prayers to Beogh against you.
Beogh smites you!
You die...

#..##o# .# .
#..##.# #.#
..#.o##o#### #.#
...z...z.z.# #.#
..##.##)##o# #.#
.o#...#.##.# #.#
##......##o#####.#
........##.zo....#
.#....)#.......#@#
##........#..z{.#
#####.........##
#..#._.#..#
#.........#
##...#....#
#........#
##########


You could see 2 wights and 2 orc priests.

Vanquished Creatures
  Eustachio (D:5)
  Duvessa (D:5)
  A sky beast (D:5)
  An ice beast (D:5)
  A centaur (D:6)
  Blork the orc (D:5)
  3 bullfrogs
  Dowan (D:5)
  A wyvern skeleton (D:5)
  3 scorpions
  2 crimson imps
  2 hounds (D:5)
  A bullfrog skeleton (D:6)
  4 worker ants
  A worker ant zombie (D:3)
  4 gnolls (D:4)
  6 adders
  2 worms
  A dart slug (D:3)
  2 leopard geckos (D:5)
  8 orcs
  5 giant cockroaches
  13 goblins
  3 hobgoblins
  A jackal (D:4)
  6 kobolds
  3 quokkas
  A ball python (D:4)
  4 bats
  9 frilled lizards
  2 jackal skeletons
  A jackal zombie (D:6)
  A quokka zombie (D:5)
  6 rats
102 creatures vanquished.

Vanquished Creatures (others)
  A kobold (D:2)
  A spectral weapon (D:3)
2 creatures vanquished.

Grand Total: 104 creatures vanquished

Notes
Turn   | Place    | Note
-------+----------+-------------------------------------------
     0 | D:1      | Ablot the Gnoll Skald began the quest for the Orb.
     0 | D:1      | Reached XP level 1. HP: 20/20 MP: 6/6
   353 | D:1      | Reached XP level 2. HP: 23/26 MP: 7/7
   357 | D:1      | Learned a level 2 spell: Song of Slaying
   360 | D:1      | Learned a level 2 spell: Shroud of Golubria
   983 | D:2      | Noticed a bullfrog
   989 | D:2      | Killed a bullfrog
   989 | D:2      | Reached skill level 1 in Short Blades
   989 | D:2      | Reached skill level 1 in Long Blades
   989 | D:2      | Reached skill level 1 in Axes
   989 | D:2      | Reached skill level 1 in Maces & Flails
   989 | D:2      | Reached skill level 1 in Staves
   989 | D:2      | Reached skill level 1 in Slings
   989 | D:2      | Reached skill level 1 in Bows
   989 | D:2      | Reached skill level 1 in Crossbows
   989 | D:2      | Reached skill level 1 in Throwing
   989 | D:2      | Reached skill level 1 in Stealth
   989 | D:2      | Reached skill level 1 in Shields
   989 | D:2      | Reached skill level 1 in Unarmed Combat
   989 | D:2      | Reached skill level 5 in Spellcasting
   989 | D:2      | Reached skill level 1 in Invocations
   989 | D:2      | Reached skill level 1 in Evocations
   989 | D:2      | Reached XP level 3. HP: 25/31 MP: 2/9
   989 | D:2      | Reached XP level 4. HP: 30/38 MP: 2/11
   994 | D:2      | Learned a level 3 spell: Regeneration
   998 | D:2      | Learned a level 3 spell: Spectral Weapon
  1169 | D:2      | Noticed a bullfrog
  1180 | D:2      | Killed a bullfrog
  1180 | D:2      | Reached skill level 1 in Conjurations
  1180 | D:2      | Reached skill level 1 in Hexes
  1180 | D:2      | Reached skill level 1 in Summonings
  1180 | D:2      | Reached skill level 1 in Necromancy
  1180 | D:2      | Reached skill level 1 in Translocations
  1180 | D:2      | Reached skill level 1 in Transmutations
  1180 | D:2      | Reached skill level 1 in Fire Magic
  1180 | D:2      | Reached skill level 1 in Ice Magic
  1180 | D:2      | Reached skill level 1 in Air Magic
  1180 | D:2      | Reached skill level 1 in Earth Magic
  1180 | D:2      | Reached skill level 1 in Poison Magic
  1180 | D:2      | Reached XP level 5. HP: 35/43 MP: 7/12
  2496 | D:3      | Found a faded altar of an unknown god.
  2566 | D:4      | Found an iron altar of Okawaru.
  2597 | D:4      | Became a worshipper of Warmaster Okawaru
  2669 | D:4      | Reached XP level 6. HP: 28/50 MP: 11/13
  2954 | D:4      | Reached skill level 5 in Fighting
  2954 | D:4      | Reached skill level 5 in Polearms
  2954 | D:4      | Reached skill level 5 in Dodging
  3135 | D:4      | Reached * piety under Okawaru
  3315 | D:4      | Reached XP level 7. HP: 42/56 MP: 15/15
  3458 | D:5      | Entered Level 5 of the Dungeon
  3483 | D:5      | Noticed Eustachio
  3514 | D:5      | HP: 1/56 [white imp[Eustachio] (4)]
  3651 | D:5      | Killed Eustachio
  3719 | D:5      | Found Ikkovuar's Magic Scroll Shoppe.
  3725 | D:5      | Bought a scroll of teleportation for 45 gold pieces
  3725 | D:5      | Bought a scroll of fog for 30 gold pieces
  3725 | D:5      | Bought a scroll of magic mapping for 52 gold pieces
  3894 | D:5      | Noticed Dowan
  3899 | D:5      | Noticed Duvessa
  3907 | D:5      | Killed Duvessa
  3907 | D:5      | Reached ** piety under Okawaru
  3907 | D:5      | Reached XP level 8. HP: 57/63 MP: 9/16
  3913 | D:5      | Killed Dowan
  3923 | D:5      | Found a basalt altar of Yredelemnul.
  4072 | D:5      | Found a deep blue altar of Sif Muna.
  4087 | D:5      | Noticed Blork the orc
  4103 | D:5      | Killed Blork the orc
  4196 | D:5      | Found a sparkling altar of Nemelex Xobeh.
  4209 | D:5      | Found a burning altar of Makhleb.
  4223 | D:5      | Found a shimmering altar of Xom.
  4373 | D:6      | Found a staircase to the Ecumenical Temple.
  4435 | D:6      | Found a radiant altar of Vehumet.
  4540 | D:6      | Killed from afar by an orc priest

Levels and vault maps discovered:
D:1:      dpeg_arrival_stone_temple_mockup, layout_basic
D:2:      layout_basic
D:3:      wander_river, layout_basic, first_ration,
          chequers_ecumenical_altar_lobes, st_stairs_5, wad_orctagon
D:4:      layout_loops_ring, okawaru_metal_pillars_1_2, minmay_misc_feat_tower,
          minmay_checkerbox
D:5:      layout_basic, yredelemnul_altar_generic,
          grunt_temple_overflow_cloverleaf, serial_shops,
          nicolae_shop_statue_plus, uniq_blork_the_orc, uniq_duvessa,
          uniq_eustachio
D:6:      layout_loops_ring, fedhas_ov_isle_minmay, vehumet_altar_wand_db,
          minmay_temple_entry_mini_moons, cheibrodos_sewer_entry_sluice,
          uniq_grinder

Skill      XL: |  1  2  3  4  5  6  7  8 |
---------------+-------------------------+-----
Short Blades   | 1 2 3 |  3.5
Long Blades    | 1 2 3 |  3.5
Axes           | 1 2 3 |  3.5
Maces & Flails | 1 2 3 |  3.5
Staves         | 1 2 3 |  3.5
Slings         | 1 2 3 |  3.5
Bows           | 1 2 3 |  3.5
Crossbows      | 1 2 3 |  3.5
Throwing       | 1 2 3 |  3.5
Stealth        | 1 2 3 |  3.5
Shields        | 1 2 3 |  3.5
Unarmed Combat | 1 2 3 |  3.5
Spellcasting   | 5 6 |  6.1
Invocations    | 1 2 3 |  3.8
Evocations     | 1 2 3 |  3.5
Conjurations   | 1 2 |  2.8
Hexes          | 1 2 |  2.8
Summonings     | 1 2 |  2.8
Necromancy     | 1 2 |  2.8
Translocations | 1 2 |  2.8
Transmutations | 1 2 |  2.8
Fire Magic     | 1 2 |  2.8
Ice Magic      | 1 2 |  2.8
Air Magic      | 1 2 |  2.8
Earth Magic    | 1 2 |  2.8
Poison Magic   | 1 2 |  2.8
Armour         | 3 4 |  4.4
Fighting       | 5 |  5.8
Polearms       | 5 |  5.8
Dodging        | 5 |  5.8
Charms         | 6 |  6.2

Action                   |  1- 3 |  4- 6 |  7- 9 || total
-------------------------+-------+-------+-------++-------
Melee: Spear             |    43 |   233 |    47 ||   323
       Bite              |     4 |    25 |    26 ||    55
       Punch             |       |     2 |       ||     2
       Whip              |       |       |   135 ||   135
Throw: Dart              |       |       |     5 ||     5
 Cast: Shroud of Golubri |     1 |    10 |    10 ||    21
       Infusion          |     1 |     4 |     4 ||     9
       Spectral Weapon   |       |     7 |     8 ||    15
       Song of Slaying   |       |     4 |     1 ||     5
       Regeneration      |       |     3 |    11 ||    14
Invok: Heroism           |       |       |     1 ||     1
  Use: Scroll            |       |     4 |     4 ||     8
       Potion            |       |       |     1 ||     1
 Stab: Sleeping          |     2 |     5 |     3 ||    10
       Distracted        |       |       |     1 ||     1
  Eat: Chunk             |       |     9 |     5 ||    14
Armor: Leather armour    |     2 |    24 |    51 ||    77
Dodge: Dodged            |    20 |    95 |   128 ||   243

Table legend:
 A = Non-vault XP
 B = Vault XP
 C = Vault XP percentage of total XP
 D = Non-vault monster count
 E = Vault monster count
 F = Vault count percentage of total count
                 A         B        C        D         E       F
            +---------+---------+-------+---------+---------+-------
      Total |    1488 |     599 |  28.7 |      87 |      15 |  14.7
            +---------+---------+-------+---------+---------+-------
        D:1 |      18 |       0 |   0.0 |      13 |       0 |   0.0
        D:2 |     198 |       0 |   0.0 |      17 |       0 |   0.0
        D:3 |      82 |      17 |  17.2 |      21 |       7 |  25.0
        D:4 |     281 |      54 |  16.1 |      13 |       3 |  18.8
        D:5 |     543 |     526 |  49.2 |      14 |       4 |  22.2
        D:6 |     366 |       2 |   0.5 |       9 |       1 |  10.0
            +---------+---------+-------+---------+---------+-------
